[Event "Titled Tuesday Blitz June 13 Early 2023"]
[White "GMFYHR1"]
[Black "Chen, Justin"]
[BlackFideId "2098199"]
[WhiteElo "2448"]
[BlackElo "2289"]
[Result "1-0"]
[Round "4"]
[TimeControl "180+2"]
[Date "2023.06.13"]
[WhiteClock "0:00:06"]
[BlackClock "0:00:00"]
[Board "88"]

1. e4 e5 2. Nf3 Nc6 3. Bb5 a6 4. Ba4 d6 5. O-O Bd7 6. c3 Nge7 7. d4 Ng6 8. h3 Be7 9. Re1 O-O 10. Nbd2 Nh4 11. Bxc6 Bxc6 12. dxe5 Ng6 13. exd6 Bxd6 14. Nc4 Be7 15. Qc2 Qc8 16. Nce5 Nxe5 17. Nxe5 Be8 18. Be3 Qe6 19. Nf3 c5 20. b3 Bc6 21. Bf4 h6 22. Rad1 Rad8 23. c4 Rxd1 24. Qxd1 Rd8 25. Qc2 Bf6 26. Bg3 Rd7 27. Bh4 Bxh4 28. Nxh4 Rd4 29. Nf3 Rxe4 30. Rxe4 Bxe4 31. Qd1 Kh7 32. Nd2 Qd6 33. Qe2 Bg6 34. Qe3 b6 35. Nf3 Qd1+ 36. Kh2 Qc2 37. a4 f6 38. Nd2 Qb2 39. Nf3 Qc2 40. Nh4 1-0


[Site "https://www.chess.com"]

[Event "Titled Tuesday Blitz June 13 Early 2023"]
[White "Veiga, Jose Francisco R P Neves"]
[Black "Mogirzan, Matei-Valeriu"]
[WhiteFideId "1930087"]
[BlackFideId "1257455"]
[WhiteElo "2319"]
[BlackElo "1733"]
[Result "1-0"]
[Round "4"]
[TimeControl "180+2"]
[Date "2023.06.13"]
[WhiteClock "0:01:15"]
[BlackClock "0:00:01"]
[Board "89"]

1. c4 Nf6 2. Nc3 Nc6 3. d4 g6 4. e4 d6 5. d5 Nb8 6. f4 Bg7 7. Nf3 Bg4 8. Be2 Bxf3 9. Bxf3 O-O 10. O-O Nfd7 11. Qc2 a5 12. Be3 Na6 13. b3 c6 14. Rad1 Rc8 15. a3 Qc7 16. Kh1 e6 17. dxe6 fxe6 18. Ne2 d5 19. exd5 cxd5 20. Nd4 Ndc5 21. cxd5 e5 22. d6 Qxd6 23. Nf5 Qc7 24. Nxg7 Qxg7 25. Qc4+ Kh8 26. fxe5 b6 27. b4 axb4 28. axb4 Ne4 29. Qxe4 Nc7 30. e6 Rf6 31. Bd4 Nxe6 32. Bxf6 Qxf6 33. Bg4 Nf4 34. Qxf4 Qg7 35. Bxc8 1-0


[Site "https://www.chess.com"]

[Event "Titled Tuesday Blitz June 13 Early 2023"]
[White "Zochowski, Kacper"]
[Black "Gracia Alvarez, Gerardo Antonio"]
[WhiteFideId "1125494"]
[BlackFideId "5109124"]
[WhiteElo "2235"]
[BlackElo "2160"]
[Result "1-0"]
[Round "4"]
[TimeControl "180+2"]
[Date "2023.06.13"]
[WhiteClock "0:00:32"]
[BlackClock "0:00:00"]
[Board "90"]

1. Nf3 c5 2. c3 d5 3. d4 cxd4 4. cxd4 Nf6 5. Nc3 Nc6 6. Bf4 Bf5 7. e3 e6 8. Be2 Bd6 9. Bxd6 Qxd6 10. O-O h6 11. a3 O-O 12. Rc1 Rfc8 13. Na4 Nd7 14. Qd2 Rc7 15. Nc5 Nxc5 16. dxc5 Qe7 17. Nd4 Bg6 18. Nb5 Rd7 19. b4 a5 20. Ra1 Rdd8 21. Nd4 axb4 22. axb4 e5 23. Nb5 Rxa1 24. Rxa1 d4 25. exd4 Nxd4 26. Nxd4 Rxd4 27. Qc3 Qd7 28. h3 Be4 29. Qe3 Qd5 30. f3 Bg6 31. Qc3 Rd2 32. Bf1 Rc2 33. Qe3 Rb2 34. b5 Rc2 35. Rc1 Rxc1 36. Qxc1 Qd4+ 37. Kh2 Bf5 38. c6 bxc6 39. bxc6 Bc8 40. c7 Qd6 41. Kh1 Kf8 42. Qc4 Ke7 43. Bd3 Qe6 44. Qc3 Qd6 45. Be4 Qd1+ 46. Kh2 Qd4 47. Qc6 Qd7 48. Qc4 f5 49. Bc2 Qd6 50. Qg8 e4+ 51. Kh1 exf3 52. Qxg7+ Ke6 53. Bb3+ 1-0


[Site "https://www.chess.com"]

[Event "Titled Tuesday Blitz June 13 Early 2023"]
[White "Agibileg, Uurtsaikh"]
[Black "Koridze, Lile"]
[WhiteFideId "4901606"]
[BlackFideId "13612514"]
[WhiteElo "2353"]
[BlackElo "2047"]
[Result "1-0"]
[Round "4"]
[TimeControl "180+2"]
[Date "2023.06.13"]
[WhiteClock "0:00:37"]
[BlackClock "0:00:52"]
[Board "91"]

1. d4 Nf6 2. c4 e6 3. Nc3 Bb4 4. a3 Bxc3+ 5. bxc3 b6 6. f3 Bb7 7. e4 d6 8. Bd3 Nbd7 9. Ne2 O-O 10. O-O e5 11. Ng3 c6 12. f4 Qc7 13. Nf5 Rfe8 14. fxe5 dxe5 15. Bg5 exd4 16. cxd4 Ng4 17. g3 h5 18. h3 Ngf6 19. e5 g6 20. Nh6+ Kh7 21. Bxf6 Kxh6 22. Qd2+ Kh7 23. Qg5 Nxf6 24. Rxf6 Kh8 25. Qh6+ Kg8 26. Bxg6 Re6 27. Qh7+ Kf8 28. Rxf7+ 1-0


[Site "https://www.chess.com"]

[Event "Titled Tuesday Blitz June 13 Early 2023"]
[White "sebastianmarinp"]
[Black "MaryanKyrychenko"]
[WhiteElo "2386"]
[BlackElo "2641"]
[Result "1-0"]
[Round "4"]
[TimeControl "180+2"]
[Date "2023.06.13"]
[WhiteClock "0:00:02"]
[BlackClock "0:00:25"]
[Board "92"]

1. e4 c5 2. Nf3 d6 3. d4 cxd4 4. Nxd4 Nf6 5. Nc3 g6 6. Be3 Bg7 7. f3 O-O 8. Bc4 Nc6 9. Bb3 Bd7 10. Qd2 b5 11. Ncxb5 Na5 12. Nc3 Rc8 13. O-O Nc4 14. Bxc4 Rxc4 15. b3 Rc8 16. Rad1 Qc7 17. Nde2 Rfd8 18. Bd4 e5 19. Be3 Be6 20. Bg5 h6 21. Bxf6 Bxf6 22. Kh1 Kg7 23. a4 h5 24. Qd3 Qa5 25. Nd5 Bxd5 26. exd5 Qc5 27. c4 Be7 28. Ng3 f5 29. Rfe1 h4 30. Nxf5+ gxf5 31. Qxf5 Bf6 32. Re4 Rh8 33. Rg4+ Kf7 34. Qe6+ Kf8 35. Qxf6+ Ke8 36. Qxh8+ Kd7 37. Rg7# 1-0


[Site "https://www.chess.com"]

[Event "Titled Tuesday Blitz June 13 Early 2023"]
[White "crosky"]
[Black "Miranda, Rafael"]
[BlackFideId "130990"]
[WhiteElo "2378"]
[BlackElo "2204"]
[Result "0-1"]
[Round "4"]
[TimeControl "180+2"]
[Date "2023.06.13"]
[WhiteClock "0:00:25"]
[BlackClock "0:00:44"]
[Board "93"]

1. d4 Nf6 2. c4 c5 3. d5 e6 4. Nc3 exd5 5. cxd5 d6 6. e4 g6 7. f4 Bg7 8. Bb5+ Nfd7 9. a4 Qh4+ 10. g3 Qe7 11. Nf3 O-O 12. O-O Na6 13. Re1 Nb4 14. Bf1 b6 15. Nd2 Bd4+ 16. Kh1 Nf6 17. Nc4 Ng4 18. Kg2 h5 19. Nb5 Nf2 20. Qf3 Bh3+ 21. Kg1 Bg4 22. Nxd4 Bxf3 23. Nxf3 Nxe4 24. Ng5 f5 25. Bg2 Nc2 26. Bd2 Nxa1 27. Nxe4 Nc2 28. Rc1 Nd4 29. Nexd6 Ne2+ 30. Kf2 Nxc1 31. Bxc1 Rad8 32. Nb5 a6 33. d6 Qf7 34. Nc7 Qxc4 35. Bd5+ Qxd5 36. Nxd5 Rxd6 0-1


[Site "https://www.chess.com"]

[Event "Titled Tuesday Blitz June 13 Early 2023"]
[White "Belov, Alexei"]
[Black "Garrido, Denis"]
[WhiteFideId "4128206"]
[BlackFideId "601217"]
[WhiteElo "2637"]
[BlackElo "2337"]
[Result "0-1"]
[Round "4"]
[TimeControl "180+2"]
[Date "2023.06.13"]
[WhiteClock "0:00:19"]
[BlackClock "0:00:07"]
[Board "94"]

1. e4 e5 2. Nf3 Nc6 3. Bb5 a6 4. Ba4 Nf6 5. d4 Nxe4 6. O-O b5 7. Bb3 d5 8. dxe5 Be6 9. Nbd2 Bc5 10. Qe2 Nxd2 11. Bxd2 O-O 12. h3 Nd4 13. Nxd4 Bxd4 14. c3 Bb6 15. Kh2 c5 16. Bc2 d4 17. f4 Bc4 18. Qe4 g6 19. Rfd1 Bd5 20. Qe2 f6 21. cxd4 cxd4 22. Qg4 Qc8 23. f5 Qxc2 24. fxg6 Qxg6 25. Qxg6+ hxg6 26. Bh6 Rfe8 27. exf6 Re2 28. Rd2 Rae8 29. Rad1 Bxg2 30. Kg3 Bc7+ 31. Bf4 Bxf4+ 32. Kxf4 Kf7 33. Rxd4 Kxf6 34. Rd6+ Kg7 35. Rxa6 Rxb2 36. Rd7+ Kh6 37. Rdd6 Be4 38. h4 Bf5 39. Rf6 Rbe2 40. Rab6 R2e3 41. Rxf5 R8e4# 0-1


[Site "https://www.chess.com"]

[Event "Titled Tuesday Blitz June 13 Early 2023"]
[White "Sarkar, Justin"]
[Black "Fiorito, Joaquin"]
[WhiteFideId "2010011"]
[BlackFideId "180173"]
[WhiteElo "2151"]
[BlackElo "2199"]
[Result "1/2-1/2"]
[Round "4"]
[TimeControl "180+2"]
[Date "2023.06.13"]
[WhiteClock "0:00:04"]
[BlackClock "0:01:12"]
[Board "95"]

1. e4 c5 2. Nf3 d6 3. d4 cxd4 4. Nxd4 Nf6 5. Nc3 a6 6. Be3 e5 7. Nb3 Be6 8. f3 Be7 9. Qd2 h5 10. O-O-O Nbd7 11. Nd5 Nxd5 12. exd5 Bf5 13. Bd3 Bxd3 14. Qxd3 Rc8 15. Kb1 b5 16. Qd2 Nb6 17. Bxb6 Qxb6 18. Na5 Bf6 19. Nc6 b4 20. Rhe1 a5 21. f4 O-O 22. fxe5 dxe5 23. Nxe5 Rfd8 24. d6 Qc5 25. Qd5 Qxc2+ 26. Ka1 a4 27. Qxf7+ Kh8 28. Qxh5+ Kg8 29. Qf7+ Kh8 30. Qh5+ Kg8 31. Qf7+ Kh7 32. Qh5+ Kg8 1/2-1/2


[Site "https://www.chess.com"]

[Event "Titled Tuesday Blitz June 13 Early 2023"]
[White "Asavasaetakul, Chawit"]
[Black "Zaksaite, Salomeja"]
[WhiteFideId "6204856"]
[BlackFideId "12801496"]
[WhiteElo "1919"]
[BlackElo "2059"]
[Result "1-0"]
[Round "4"]
[TimeControl "180+2"]
[Date "2023.06.13"]
[WhiteClock "0:00:17"]
[BlackClock "0:00:00"]
[Board "96"]

1. e4 c5 2. c3 d5 3. exd5 Qxd5 4. d4 Nf6 5. Nf3 e6 6. Bd3 Nc6 7. O-O Be7 8. c4 Qd8 9. dxc5 Bxc5 10. Nc3 O-O 11. Qe2 e5 12. Bg5 Bg4 13. Ne4 Nd4 14. Qd1 Be7 15. Bxf6 Bxf6 16. Be2 Bxf3 17. Bxf3 Be7 18. Nc3 Rc8 19. b3 b6 20. Bd5 Kh8 21. Qh5 f5 22. Rad1 Bf6 23. Rfe1 Qd6 24. Ne2 g6 25. Qh3 Nxe2+ 26. Rxe2 Qc5 27. Qd3 e4 28. Qd2 Rcd8 29. g3 b5 30. Kg2 bxc4 31. bxc4 Be5 32. Qc2 Qc7 33. Red2 Rc8 34. Qb3 Rfd8 35. Re2 Rb8 36. Qa4 Qc5 37. Qc2 Rb2 38. Qxb2 Bxb2 39. Rxb2 e3 40. Re2 exf2 41. Rf1 Rxd5 42. cxd5 Qxd5+ 43. Kxf2 Qd4+ 44. Kg2 Qd5+ 45. Kg1 Qd4+ 46. Ref2 a5 47. Kg2 Qd5+ 48. Kh3 Qd4 49. Rf4 Qd2 50. R1f2 Qd1 51. Kg2 Qd5+ 52. R4f3 g5 53. Kg1 Qd1+ 54. Rf1 Qd4+ 55. R3f2 f4 56. gxf4 gxf4 57. Kg2 Qd5+ 58. Rf3 Qxa2+ 59. R1f2 Qd5 60. Kh3 Qf5+ 61. Kg2 Qg4+ 62. Kf1 a4 63. Rxf4 Qd1+ 64. Kg2 Qd5+ 65. Kh3 a3 66. Rf8+ Kg7 67. R8f4 Qd7+ 68. Rg4+ Kh6 69. Kh4 Qe7+ 70. Kg3 Qe3+ 71. Rf3 Qg1+ 72. Kh4 Qe1+ 73. Rfg3 Qe7+ 74. Kh3 Qe6 75. Rxa3 1-0


[Site "https://www.chess.com"]

[Event "Titled Tuesday Blitz June 13 Early 2023"]
[White "Kashlinskaya, Alina"]
[Black "Afanasieva, Alexandra"]
[WhiteFideId "4198026"]
[BlackFideId "34126926"]
[WhiteElo "2383"]
[BlackElo "1736"]
[Result "1-0"]
[Round "4"]
[TimeControl "180+2"]
[Date "2023.06.13"]
[WhiteClock "0:02:15"]
[BlackClock "0:00:05"]
[Board "97"]

1. Nf3 Nf6 2. g3 c5 3. Bg2 d5 4. O-O e6 5. d3 Nc6 6. Nbd2 g6 7. e4 Bg7 8. Qe2 O-O 9. Re1 Rb8 10. Nf1 b5 11. e5 Nd7 12. Bf4 c4 13. d4 b4 14. h4 h6 15. Qe3 Kh7 16. N1h2 Ne7 17. g4 a5 18. Nf1 a4 19. Ng3 b3 20. c3 a3 21. bxa3 b2 22. Rab1 Qa5 23. h5 Qxa3 24. g5 gxh5 25. gxh6 Nf5 26. Nxf5 1-0


[Site "https://www.chess.com"]

[Event "Titled Tuesday Blitz June 13 Early 2023"]
[White "Haug, Havard"]
[Black "Levitan, Caleb Levi"]
[WhiteFideId "1547887"]
[BlackFideId "14332620"]
[WhiteElo "2396"]
[BlackElo "1963"]
[Result "1-0"]
[Round "4"]
[TimeControl "180+2"]
[Date "2023.06.13"]
[WhiteClock "0:00:51"]
[BlackClock "0:00:04"]
[Board "98"]

1. e4 e5 2. Nc3 Nf6 3. Bc4 Bc5 4. d3 d6 5. Be3 O-O 6. Nge2 Bxe3 7. fxe3 c6 8. O-O d5 9. exd5 cxd5 10. Bb3 Be6 11. d4 Nc6 12. Qd2 a5 13. a4 Re8 14. dxe5 Nxe5 15. Rad1 Nc4 16. Bxc4 dxc4 17. Qxd8 Raxd8 18. Nd4 Nd5 19. Nxd5 Bxd5 20. Kf2 f6 21. Rd2 Bc6 22. Ra1 Rd7 23. b3 cxb3 24. cxb3 Bd5 25. Rad1 Red8 26. Nc2 Be6 27. Rxd7 Rxd7 28. Rxd7 Bxd7 29. e4 Kf7 30. Ke3 Ke6 31. Nd4+ Ke5 32. Nf3+ Kd6 33. Kd4 b5 34. axb5 Bxb5 35. e5+ fxe5+ 36. Nxe5 Bf1 37. g3 Bh3 38. Nc4+ Kc6 39. Nxa5+ Kb5 40. Nc4 Kb4 41. Nd6 Kxb3 42. Ne8 g6 43. Nf6 h6 44. Ke5 Kc4 45. Ng8 h5 46. Kf6 h4 47. gxh4 Kd4 48. Kxg6 Ke4 49. h5 Bf5+ 50. Kg5 Be6 51. Nf6+ Ke5 52. h6 Bf5 53. h7 Bxh7 54. Nxh7 Ke4 55. h4 Ke5 56. h5 Ke6 57. Kg6 Ke7 58. Ng5 Kf8 59. Kh7 Ke7 60. Kg7 Ke8 61. h6 Ke7 62. h7 1-0


[Site "https://www.chess.com"]

[Event "Titled Tuesday Blitz June 13 Early 2023"]
[White "Sourath Biswas"]
[Black "Andreassen, Lars"]
[WhiteFideId "35091484"]
[BlackFideId "1504878"]
[WhiteElo "2171"]
[BlackElo "2119"]
[Result "0-1"]
[Round "4"]
[TimeControl "180+2"]
[Date "2023.06.13"]
[WhiteClock "0:02:30"]
[BlackClock "0:02:41"]
[Board "99"]

1. d4 d5 2. Bf4 e6 3. e3 Bd6 4. Nf3 Bxf4 5. exf4 Ne7 6. c3 O-O 7. Nbd2 b6 8. h4 c5 9. h5 h6 10. Ne5 cxd4 11. cxd4 Nbc6 12. Ndf3 Nxe5 13. Nxe5 Qd6 14. Qd2 Bb7 15. Bd3 Rac8 16. O-O Rc7 17. Rfc1 Rfc8 18. Rxc7 Qxc7 19. Rc1 Qxc1+ 0-1


[Site "https://www.chess.com"]

[Event "Titled Tuesday Blitz June 13 Early 2023"]
[White "campochess"]
[Black "Yeritsyan, Hayk"]
[BlackFideId "13307320"]
[WhiteElo "2199"]
[BlackElo "2505"]
[Result "0-1"]
[Round "4"]
[TimeControl "180+2"]
[Date "2023.06.13"]
[WhiteClock "0:00:00"]
[BlackClock "0:00:17"]
[Board "100"]

1. Nc3 d5 2. d4 Nf6 3. Bf4 c6 4. e3 g6 5. h3 Bg7 6. Nf3 O-O 7. Be2 Na6 8. Ne5 Nc7 9. O-O Ne6 10. Bh2 Ng5 11. Bf4 Ne6 12. Bh2 Nd7 13. f4 Nxe5 14. dxe5 Qb6 15. Qd2 a5 16. Kh1 Nc5 17. Bg1 Ne4 18. Nxe4 dxe4 19. Qc3 Be6 20. b3 Qb4 21. Qb2 Qd2 22. Rfe1 a4 23. Rad1 a3 24. Rxd2 axb2 25. Rb1 Rxa2 26. c4 f6 27. Rdxb2 Rxb2 28. Rxb2 fxe5 29. Ra2 exf4 30. exf4 Rd8 31. Be3 b5 32. Ra6 bxc4 33. bxc4 Bd7 34. Ra7 Kf7 35. c5 Be6 36. Ra4 Bd5 37. Kg1 Rb8 38. Kf1 Rb1+ 39. Kf2 Rb2 40. Kf1 h5 41. g4 h4 42. Bd4 Bxd4 43. Rxd4 Kf6 44. Ke1 e5 45. g5+ Kf5 46. fxe5 Kxe5 47. Rd2 Rxd2 48. Kxd2 Kf4 49. Bg4 Kxg5 50. Ke3 Kf6 51. Bd1 Ke5 52. Bg4 g5 53. Bd7 Be6 54. Bxc6 Bxh3 55. Bxe4 Bc8 56. Ba8 g4 57. c6 Kd6 58. Bb7 Bxb7 59. cxb7 Kc7 60. Kf4 g3 61. Kf3 Kxb7 0-1


[Site "https://www.chess.com"]

[Event "Titled Tuesday Blitz June 13 Early 2023"]
[White "whiteglovethief"]
[Black "carokannlover213"]
[WhiteElo "2507"]
[BlackElo "2750"]
[Result "0-1"]
[Round "4"]
[TimeControl "180+2"]
[Date "2023.06.13"]
[WhiteClock "0:00:03"]
[BlackClock "0:00:06"]
[Board "101"]

1. d4 Nf6 2. c4 d6 3. Nc3 e5 4. dxe5 dxe5 5. Qxd8+ Kxd8 6. e4 Bb4 7. Bd3 Bxc3+ 8. bxc3 Nfd7 9. f4 Nc5 10. Bc2 exf4 11. Bxf4 Be6 12. O-O-O+ Kc8 13. Nf3 Bxc4 14. Ne5 Bxa2 15. c4 f6 16. Nf7 Rf8 17. e5 Bxc4 18. Bf5+ Be6 19. exf6 gxf6 20. Nh6 Bxf5 21. Nxf5 Nc6 22. Rhe1 Rd8 23. Ne7+ Nxe7 24. Rxe7 Nd3+ 25. Rxd3 Rxd3 26. Rxc7+ Kd8 27. Rxh7 Rc8+ 28. Kb2 Rc6 29. g3 Rd5 30. Rxb7 Rb6+ 31. Rxb6 axb6 32. h4 Kd7 33. Kc3 Ke6 34. Kc4 b5+ 35. Kb4 Kf5 36. Be3 Kg4 37. Bf4 Rd4+ 38. Kxb5 Rxf4 39. gxf4 Kxh4 40. Kc4 Kg4 41. f5 Kxf5 42. Kd4 Kf4 0-1


[Site "https://www.chess.com"]

[Event "Titled Tuesday Blitz June 13 Early 2023"]
[White "kuanysh1981"]
[Black "Shuvalova, Polina"]
[BlackFideId "24171760"]
[WhiteElo "2505"]
[BlackElo "2281"]
[Result "0-1"]
[Round "4"]
[TimeControl "180+2"]
[Date "2023.06.13"]
[WhiteClock "0:00:05"]
[BlackClock "0:00:09"]
[Board "102"]

1. d4 Nf6 2. Nf3 d5 3. g3 g6 4. Bg2 Bg7 5. O-O O-O 6. Bf4 c6 7. Qc1 Bf5 8. c3 Re8 9. Bh6 Nbd7 10. Bxg7 Kxg7 11. Nbd2 Qc7 12. Nh4 Bg4 13. Re1 e5 14. h3 Be6 15. e4 exd4 16. cxd4 dxe4 17. Nxe4 Nxe4 18. Rxe4 Nf6 19. Re5 Qd7 20. Qf4 Bxh3 21. Rae1 Bxg2 22. Rxe8 Rxe8 23. Rxe8 Qxe8 24. Nxg2 Nd5 25. Qd6 Qe7 26. Qb8 a6 27. a3 h5 28. Qc8 Qc7 29. Qe8 Qe7 30. Qc8 Nb6 31. Qb8 Nc4 32. Nf4 Nd2 33. Nd3 Qe4 34. Qe5+ Qxe5 35. dxe5 Kf8 36. f4 Nc4 37. a4 Ke7 38. Kf2 b6 39. Kf3 a5 40. Ke4 Ke6 41. Kd4 Nd2 42. Ke3 Nb3 43. Ke4 b5 44. axb5 cxb5 45. Nf2 a4 46. Nd3 Nd2+ 47. Ke3 Nc4+ 48. Kd4 Kf5 49. Kc5 Ke4 50. Nb4 Nxb2 51. Kxb5 a3 52. Kc6 Nd3 53. Na2 Kf3 54. Kd6 Kxg3 55. e6 fxe6 56. Kxe6 Nxf4+ 57. Kf6 h4 58. Kg5 h3 59. Nc3 h2 60. Ne4+ Kf3 61. Nd2+ Ke3 62. Nc4+ Ke2 63. Nxa3 h1=Q 0-1


[Site "https://www.chess.com"]

[Event "Titled Tuesday Blitz June 13 Early 2023"]
[White "Vaibhav, Suri"]
[Black "Sharapov, Evgeny"]
[WhiteFideId "5045185"]
[BlackFideId "14103133"]
[WhiteElo "2494"]
[BlackElo "2367"]
[Result "1-0"]
[Round "4"]
[TimeControl "180+2"]
[Date "2023.06.13"]
[WhiteClock "0:00:26"]
[BlackClock "0:00:09"]
[Board "103"]

1. e4 c5 2. Nf3 d6 3. Nc3 e5 4. Bc4 Be7 5. d3 Nf6 6. O-O O-O 7. Ng5 h6 8. Nh3 Bxh3 9. gxh3 Nc6 10. Kh1 Na5 11. Rg1 Kh7 12. Qf3 Nxc4 13. dxc4 Qd7 14. Be3 Rg8 15. h4 g6 16. Rad1 Qe6 17. b3 Raf8 18. Rd3 Nh5 19. Nb5 f5 20. exf5 Rxf5 21. Qxb7 Rg7 22. Qd5 Qf6 23. Nxd6 Bxd6 24. Qxd6 Qxh4 25. Qc6 Nf6 26. Qg2 Ne4 27. f3 Ng5 28. Qg4 Nxf3 29. Qxh4 Nxh4 30. Bxc5 e4 31. Rd5 Nf3 32. Rxf5 gxf5 33. Rxg7+ Kxg7 34. Bxa7 f4 35. Bb8 e3 36. Bxf4 e2 37. Bg3 e1=Q+ 38. Bxe1 Nxe1 39. c3 Nd3 40. a4 Nc5 41. a5 Kf6 42. b4 Na4 43. c5 Nxc3 44. Kg2 Ke5 45. Kf3 Kd5 46. Kg4 Kc4 47. a6 Nb5 48. Kh5 Kxb4 49. Kxh6 Kxc5 50. h4 Kb6 51. Kg6 Nd4 52. Kf6 Nc2 53. h5 Ne3 54. Kg5 Nd5 55. h6 1-0


[Site "https://www.chess.com"]

[Event "Titled Tuesday Blitz June 13 Early 2023"]
[White "Postny, Evgeny"]
[Black "Santos Flores, Alberto"]
[WhiteFideId "2804344"]
[BlackFideId "3601234"]
[WhiteElo "2504"]
[BlackElo "2235"]
[Result "1/2-1/2"]
[Round "4"]
[TimeControl "180+2"]
[Date "2023.06.13"]
[WhiteClock "0:00:10"]
[BlackClock "0:00:11"]
[Board "104"]

1. e4 e6 2. d4 d5 3. Nd2 c5 4. exd5 Qxd5 5. Ngf3 cxd4 6. Bc4 Qd6 7. O-O Nf6 8. Nb3 Nc6 9. Nfxd4 Nxd4 10. Qxd4 Qxd4 11. Nxd4 Bd7 12. Be2 Bc5 13. Nb3 Bb6 14. Bf3 O-O-O 15. a4 a6 16. Bf4 Bc7 17. Be3 Be8 18. Rfd1 Rxd1+ 19. Rxd1 Bxa4 20. Bxb7+ Kxb7 21. Nc5+ Kc6 22. Nxa4 Rd8 23. Rxd8 Bxd8 24. c4 Nd7 25. Kf1 e5 26. Ke2 f5 27. f3 Nb6 28. Bxb6 Bxb6 29. Kd3 a5 30. g4 g6 31. b3 Bd4 32. gxf5 gxf5 33. f4 h6 34. h3 h5 35. fxe5 Bxe5 36. Nc3 Bxc3 37. Kxc3 Kc5 38. h4 f4 39. Kd3 Kb4 40. Ke4 Kxb3 41. c5 a4 42. c6 a3 43. c7 a2 44. c8=Q a1=Q 45. Qe6+ Kc2 46. Qc4+ Kd2 47. Qd3+ Ke1 48. Kxf4 Qf6+ 49. Kg3 Qf2+ 50. Kh3 Qc5 51. Qe4+ Kf2 52. Qg2+ Ke1 53. Qg3+ Ke2 54. Qg2+ Qf2 55. Qg5 Qf3+ 56. Kh2 Qf2+ 57. Kh3 Qf3+ 58. Kh2 Qf2+ 59. Kh3 1/2-1/2


[Site "https://www.chess.com"]

[Event "Titled Tuesday Blitz June 13 Early 2023"]
[White "Karthik Rajaa"]
[Black "Kubicka, Anna"]
[WhiteFideId "25035215"]
[BlackFideId "1152254"]
[WhiteElo "2215"]
[BlackElo "2144"]
[Result "1-0"]
[Round "4"]
[TimeControl "180+2"]
[Date "2023.06.13"]
[WhiteClock "0:00:13"]
[BlackClock "0:00:00"]
[Board "105"]

1. Nf3 Nf6 2. c4 g6 3. b3 Bg7 4. Bb2 O-O 5. g3 d5 6. cxd5 Nxd5 7. Bxg7 Kxg7 8. Bg2 Nc6 9. O-O e5 10. d3 Be6 11. a3 a5 12. Nfd2 Nb6 13. Nc3 Qd7 14. Nde4 Bh3 15. Nc5 Qc8 16. Rc1 Bxg2 17. Kxg2 f5 18. Nb5 Rf6 19. d4 exd4 20. Nxd4 Rd6 21. e3 Nxd4 22. exd4 Nd5 23. Qf3 b6 24. Nd3 Qb7 25. Rfe1 Rb8 26. Kg1 Qa7 27. Re5 Rbd8 28. h4 h5 29. Rce1 R8d7 30. Re8 Rf7 31. Ne5 Re7 32. Rxe7+ Nxe7 33. Nc4 Rd7 34. Qf4 c5 35. Qe5+ Kf8 36. Qh8+ Ng8 37. Ne5 Rg7 38. Nf3 Qd7 39. Ng5 1-0


[Site "https://www.chess.com"]

[Event "Titled Tuesday Blitz June 13 Early 2023"]
[White "gueraumasague"]
[Black "Rastbod, Ali"]
[BlackFideId "12567477"]
[WhiteElo "2498"]
[BlackElo "2281"]
[Result "0-1"]
[Round "4"]
[TimeControl "180+2"]
[Date "2023.06.13"]
[WhiteClock "0:00:00"]
[BlackClock "0:00:17"]
[Board "106"]

1. e4 c6 2. Nc3 d5 3. Qf3 dxe4 4. Nxe4 Nf6 5. Bc4 Nbd7 6. d4 Nb6 7. Nxf6+ gxf6 8. Bb3 Qxd4 9. Ne2 Qg4 10. Qxg4 Bxg4 11. Nf4 O-O-O 12. f3 Bf5 13. Bxf7 e5 14. Nd3 Bxd3 15. cxd3 Rxd3 16. Ke2 Rd8 17. Be3 Kc7 18. Rac1 Nd5 19. Bd2 h5 20. h4 Bh6 21. Bxh6 Rxh6 22. g3 Rh7 23. Be6 Rd6 24. Bf5 Rg7 25. Rhg1 Ne7 26. Bc2 Rd4 27. Ke3 f5 28. Bb3 Rxg3 29. Rxg3 f4+ 30. Kf2 fxg3+ 31. Kxg3 Nf5+ 32. Kf2 Rd2+ 33. Ke1 Rxb2 34. Rc4 Nd4 35. Bd1 b5 36. Rc5 Kd6 37. Rc3 Rxa2 38. Rd3 c5 39. Re3 Rh2 40. Re4 Ne6 41. Be2 c4 42. Bd1 Nf4 43. Re3 Ng2+ 0-1


[Site "https://www.chess.com"]

[Event "Titled Tuesday Blitz June 13 Early 2023"]
[White "Perera Alfonso, Rene Humberto"]
[Black "Fus, Jakub"]
[WhiteFideId "3514722"]
[BlackFideId "1193023"]
[WhiteElo "2313"]
[BlackElo "2335"]
[Result "1-0"]
[Round "4"]
[TimeControl "180+2"]
[Date "2023.06.13"]
[WhiteClock "0:00:54"]
[BlackClock "0:00:47"]
[Board "107"]

1. e4 e6 2. d4 d5 3. Nc3 Nf6 4. e5 Nfd7 5. f4 c5 6. Nf3 a6 7. Be2 Nc6 8. Be3 Qb6 9. Na4 Qa5+ 10. c3 cxd4 11. b4 Qc7 12. Nxd4 b5 13. Nb2 Nb6 14. O-O Nc4 15. Nxc4 dxc4 16. a4 Nxd4 17. Bxd4 Bb7 18. f5 exf5 19. Rxf5 Be7 20. Bf3 O-O 21. Bxb7 Qxb7 22. Qg4 Rad8 23. Raf1 Qd5 24. e6 f6 25. Rxd5 Rxd5 26. axb5 axb5 27. Rf5 Rfd8 28. Rxd5 Rxd5 29. Qe4 Rd6 30. Qa8+ Rd8 31. Qb7 Kf8 32. Bc5 1-0


[Site "https://www.chess.com"]

[Event "Titled Tuesday Blitz June 13 Early 2023"]
[White "Taboas Rodriguez, Daniel"]
[Black "Manukyan, Sargis V."]
[WhiteFideId "2208466"]
[BlackFideId "13303465"]
[WhiteElo "2365"]
[BlackElo "2236"]
[Result "1-0"]
[Round "4"]
[TimeControl "180+2"]
[Date "2023.06.13"]
[WhiteClock "0:01:28"]
[BlackClock "0:00:00"]
[Board "108"]

1. d4 e6 2. Nf3 c5 3. e3 Nf6 4. Bd3 Nc6 5. O-O d5 6. b3 cxd4 7. exd4 Bd6 8. Bb2 O-O 9. Nbd2 Qc7 10. a3 Rb8 11. Qe2 Ne7 12. Ne5 Ng6 13. f4 Bd7 14. Rf3 a6 15. Rh3 Bb5 16. c4 dxc4 17. bxc4 Ba4 18. Rf1 Rfd8 19. Ne4 Nxe4 20. Bxe4 Bxe5 21. fxe5 Qb6 22. c5 Qb5 23. Qh5 Qxb2 24. Qxh7+ Kf8 25. Rxf7+ Ke8 26. Qg8+ 1-0


[Site "https://www.chess.com"]

[Event "Titled Tuesday Blitz June 13 Early 2023"]
[White "Ilkhomi, Jaloliddin"]
[Black "Shubenkova, Veronika"]
[WhiteFideId "14700948"]
[BlackFideId "44124040"]
[WhiteElo "2045"]
[BlackElo "2060"]
[Result "0-1"]
[Round "4"]
[TimeControl "180+2"]
[Date "2023.06.13"]
[WhiteClock "0:00:12"]
[BlackClock "0:00:58"]
[Board "109"]

1. Nf3 d5 2. d4 e6 3. Bf4 Bd6 4. Bg3 f5 5. e3 Nf6 6. Nbd2 Qe7 7. Bd3 Nbd7 8. Ne5 O-O 9. f4 Ne4 10. O-O c6 11. c3 Nxg3 12. hxg3 Nf6 13. Qf3 Bxe5 14. fxe5 Ng4 15. Rfe1 g5 16. Nf1 Qg7 17. Nh2 Nh6 18. g4 fxg4 19. Qg3 Bd7 20. Nxg4 Nxg4 21. Qxg4 Be8 22. Rf1 Bd7 23. a4 Rxf1+ 24. Rxf1 Rf8 25. Rxf8+ Kxf8 26. Qh5 h6 27. e4 Be8 28. Qf3+ Ke7 29. exd5 cxd5 30. Bb5 Bxb5 31. axb5 Qg6 32. Qf1 h5 33. Qa1 Qd3 34. Qxa7 Qxb5 35. Qa3+ Kf7 36. Qd6 g4 37. Kh2 h4 38. Qc7+ Kg6 39. Qd8 Kh5 40. Qh8+ Kg5 41. Qg7+ Kh5 42. Qf7+ Kg5 43. Qxe6 Qf1 44. Qg8+ Kh5 45. Qh8+ Kg5 46. Qg7+ Kh5 47. Qh8+ Kg5 48. Qf6+ Qxf6 49. exf6 Kxf6 50. Kg1 Kf5 51. Kf2 Ke4 52. Ke2 b5 53. b3 g3 54. c4 bxc4 55. b4 Kxd4 56. Kf3 c3 57. Ke2 Kc4 58. b5 Kxb5 59. Kf3 Kc4 60. Kg4 c2 61. Kh3 0-1


[Site "https://www.chess.com"]